 Dungeon Crawl Stone Soup version 0.18-a0-1800-gdc7a371 (webtiles) character file.

3787584 Karasique the Impregnable (level 27, 96/227 HPs)
             Began as a Deep Dwarf Fighter on Apr 25, 2016.
             Was the Champion of Makhleb.
             Escaped with the Orb
             ... and 5 runes!
             The game lasted 03:36:08 (54997 turns).

Karasique the Impregnable (Deep Dwarf Fighter)     Turns: 54997, Time: 03:36:08

Health: 96/227     AC: 50    Str: 34    XL:     27
Magic:  23/23      EV: 26    Int: 11    God:    Makhleb [******]
Gold:   5484       SH:  6    Dex: 18    Spells: 0 memorised, 26 levels left

rFire  + + .     SeeInvis .     z - +9 battleaxe (freeze)
rCold  . . .     Gourm    .     c - +8 plate armour {rF+}
rNeg   + . .     Faith    .     (shield currently unavailable)
rPois  +         Spirit   .     G - +1 hat
rElec  .         Dismiss  .     f - +1 cloak {MR+}
rCorr  .         Reflect  +     P - +2 pair of gloves
SustAt .         Harm     .     K - +0 pair of boots {run}
MR     +++++                    b - +4 amulet of reflection
Stlth  ..........               q - ring of Fuuk {*Contam rPois rF+ Str+3 Dex+6}
                                U - ring "Mielalinn" {AC+5 Dex+4}

@: very slightly contaminated, non-regenerating, hasted, very quick, almost
entirely resistant to hostile enchantments, extremely unstealthy
A: damage resistance, recharge devices, antennae 1, icy blue scales 1, large
bone plates 1, slimy green scales 1, clever 1, clumsy 2, frail 2, negative
energy resistance 1, sense surroundings 3, poison resistance, slow regeneration
3, weak 1, wild magic 1
a: Device Recharging, Minor Destruction, Lesser Servant of Makhleb, Major
Destruction, Greater Servant of Makhleb, Renounce Religion
0: Orb of Zot
}: 5/15 runes: serpentine, barnacled, slimy, silver, abyssal


You escaped.
You worshipped Makhleb.
Makhleb was exalted by your worship.
You were full.

You visited 11 branches of the dungeon, and saw 58 of its levels.
You visited the Abyss 2 times.
You also visited: Ice Cave.

You collected 7371 gold pieces.
You spent 1887 gold pieces at shops.

Inventory:

Hand Weapons
 w - a +6 vampiric battleaxe
 z - a +9 battleaxe of freezing (weapon)
Missiles
 E - 12 throwing nets (quivered)
Armour
 c - a +8 plate armour of fire resistance (worn)
 f - a +1 cloak of magic resistance (worn)
 G - a +1 hat (worn)
 K - a +0 pair of boots of running (worn)
 P - a +2 pair of gloves (worn)
Jewellery
 b - a +4 amulet of reflection (around neck)
 p - an uncursed ring of protection from cold
 q - a ring of Fuuk (right hand) {*Contam rPois rF+ Str+3 Dex+6}
   (You bought it in a shop on level 3 of the Depths)

   [ring of dexterity]

   It affects your strength (+3).
   It affects your dexterity (+6).
   It protects you from fire.
   It protects you from poison.
   It causes magical contamination when unequipped.
 v - an uncursed ring of see invisible
 U - the ring "Mielalinn" (left hand) {AC+5 Dex+4}
   (You took it off a deep elf annihilator on level 3 of the Elven Halls)

   [ring of protection]

   It affects your AC (+5).
   It affects your dexterity (+4).
Wands
 e - a wand of teleportation (4/9)
 h - a wand of digging (5/24)
 m - a wand of disintegration (12/24)
 s - a wand of paralysis (8/24)
 u - a wand of iceblast (6/15)
 y - a wand of disintegration (6/24)
 C - a wand of confusion (35/48)
 F - a wand of disintegration (11/24)
 Q - a wand of disintegration (7/24)
 T - a wand of heal wounds (5/9)
Scrolls
 a - 2 scrolls of recharging
 d - 3 scrolls of summoning
 i - 2 scrolls of fear
 l - 8 scrolls of fog
 t - a scroll of magic mapping
 A - 17 scrolls of identify
 D - 21 scrolls of remove curse
 I - 9 scrolls of blinking
 J - 3 scrolls of silence
 N - 4 scrolls of teleportation
 V - a scroll of holy word
Potions
 g - 3 potions of haste
 j - 11 potions of heal wounds
 k - 4 potions of ambrosia
 n - 4 potions of might
 o - 5 potions of cure mutation
 r - 3 potions of berserk rage
 x - 5 potions of resistance
 H - 4 potions of invisibility
 L - 4 potions of agility
 M - 3 potions of cancellation
 O - 14 potions of curing
 W - 7 potions of flight
Miscellaneous
 S - a lamp of fire
Comestibles
 B - 22 meat rations
 Y - 20 fruits


   Skills:
 * Level 23.8 Fighting
   Level 2.2 Short Blades
 - Level 20.0 Axes
   Level 2.1 Slings
 * Level 26.6 Armour
 * Level 24.2 Dodging
   Level 3.2 Shields
 - Level 15.0 Invocations
 - Level 10.3 Evocations


You had 26 spell levels left.
You didn't know any spells.

Dungeon Overview and Level Annotations

Branches:
Dungeon (15/15)            Temple (1/1) D:7            Lair (8/8) D:10
 Shoals (4/4) Lair:5        Snake (4/4) Lair:6        Slime (6/6) Lair:6
    Orc (2/2) D:10            Elf (3/3) Orc:2        Vaults (5/5) D:14
  Crypt (0/3) Vaults:3     Depths (5/5) D:15            Zot (5/5) Depths:5

Altars:
Cheibriados
Dithmenos
Elyvilon
Fedhas
Gozag
Kikubaaqudgha
Makhleb
Nemelex Xobeh
Pakellas
Qazlal
Sif Muna
Trog
Vehumet
Xom
Yredelemnul
Zin
The Shining One
Beogh

Shops:
D:7 *   D:8 *   D:11 %   Orc:2 }=?%   Snake:2 *   Vaults:4 **   Depths:3 =

Portals:
Hell: Lair:8 Depths:1 Depths:2 Depths:3 Depths:4 Depths:5
Abyss: Depths:1 Depths:3 Depths:4
Ziggurat: Depths:5
Trove: Vaults:2 (give +3 gold dragon armour)

Annotations:
Depths:2 1 exclusion
Zot:2 exclusion: 4 oklob plants


Innate Abilities, Weirdness & Mutations

You are resistant to damage.
You can recharge devices by infusing magical energy.
You resist negative energy.
You passively map a large area around you.
You do not regenerate naturally.
You have a pair of small antennae on your head.
You are partially covered in icy blue scales (AC +1).
You are partially covered in large bone plates (AC +2, SH +2).
You are partially covered in slimy green scales (AC +2).
Your mind is acute. (Int +2)
You are very clumsy. (Dex -4)
You are very frail (-20% HP).
Your system is resistant to poisons.
You are weak. (Str -2)
Your spells are a little harder to cast, but a little more powerful.


Message History

A Brimstone Fiend comes into view.
The Brimstone Fiend roars!
Evoke which item? (* to show all) (? for menu, Esc to quit)
Zapping:
h - a wand of digging (6/24)
Press: ? - help, Shift-Dir - straight line The rock shatters into small pieces.
This wand has 5 charges left.
The Brimstone Fiend calls on the powers of darkness!
Your body is wracked with pain!
Drink which item? (? for menu, Esc to quit)
You feel yourself speed up. The Brimstone Fiend gestures at you.
The damnation unfurls!
The damnation engulfs you! The Brimstone Fiend gestures at you.
The damnation unfurls!
The damnation engulfs you!
Evoke which item? (* to show all) (? for menu, Esc to quit)
Zapping:
T - a wand of heal wounds (6/9)
Press: ? - help, Shift-Dir - straight line, f - you You feel much better.
This wand has 5 charges left.
There is a staircase leading out of the dungeon here.
You have escaped!

#####.....# #.. ######
#.#.### ##.
###....###...####### ####.
##........#.#.#.....# #....
##..........##.#.....# #....
#............#.......# #....
##............#.......# #....
#.....###.....#..##.### #....
#...### ####.@#..##.# ######
#..## ####.###.# #....#
#...### ###....# #.# #....#
#.....####.....## #.# #....#
##............## #.# #....#
#............# #÷# #...÷.
##..........######.#####.####
##........###.[.........#
###....### #.......#####


There were no monsters in sight!

Vanquished Creatures
  the Royal Jelly (Slime:6)
  3 ancient liches
  3 orbs of fire (Zot:5)
  Mennas (Depths:3)
  Sojobo (Vaults:4)
  Saint Roka (Vaults:4)
  3 Killer Klowns (Zot:5)
  A curse toe (Zot:5)
  4 golden dragons
  A caustic shrike (Depths:3)
  4 bone dragons
  An electric golem (Zot:5)
  9 tentacled monstrosities
  4 liches
  An Ice Fiend (Depths:1)
  2 deep elf blademasters (Elf:3)
  A quicksilver dragon (Vaults:4)
  24 Orb Guardians
  16 acid blobs
  A deep elf master archer (Elf:3)
  2 ancient champions (Vaults:2)
  5 titans
  11 tentacled starspawn
  2 sphinxes
  3 death cobs
  5 draconian monks
  9 tengu reavers
  9 shadow dragons
  9 greater nagas
  10 storm dragons
  Donald (Shoals:3)
  Wiglaf (Vaults:2)
  13 frost giants
  10 azure jellies
  6 deep elf sorcerers
  6 fire giants
  A cacodemon (Abyss:2)
  A ghost moth (Zot:1)
  An iron dragon (Depths:3)
  3 balrugs
  14 vault wardens
  A fire giant (shapeshifter) (Vaults:5)
  A draconian zealot (Zot:1)
  4 orc warlords
  A draconian shifter (Zot:3)
  4 deep elf elementalists
  A caustic shrike zombie (Depths:3)
  3 draconian annihilators
  An ophan (Depths:3)
  17 ironheart preservers
  24 very ugly things
  4 draconian callers
  A spriggan defender (Depths:4)
  2 reapers
  A caustic shrike skeleton (Depths:3)
  11 deep elf demonologists
  7 green draconians
  15 stone giants
  7 vampire knights
  2 war gargoyles (Vaults:5)
  6 mottled draconians
  7 deep elf annihilators
  Nessos (D:14)
  2 dire elephants (Lair:8)
  2 white draconians
  4 purple draconians
  5 yellow draconians
  3 black draconians
  5 spark wasps
  5 merfolk javelineers
  13 deep elf death magi
  3 red draconians
  11 ettins
  A blizzard demon (Depths:3)
  An eidolon (Abyss:3)
  7 fire dragons
  16 yaktaur captains
  Josephine (Lair:7)
  3 jiangshi (Depths:3)
  3 death oozes
  32 vault guards
  10 merfolk impalers
  6 deep elf high priests
  A minotaur (Depths:3)
  7 hydras
  9 rakshasas
  15 great orbs of eyes
  2 merfolk avatars (Shoals:4)
  2 entropy weavers
  10 ice dragons
  3 spriggan air magi
  22 naga warriors
  A catoblepas (D:15)
  4 merfolk aquamancers
  10 centaur warriors
  A juggernaut simulacrum (Depths:3)
  10 anacondas
  10 ogre magi
  The ghost of eragonby the Protected, a novice MiFi of Okawaru (D:10)
  The ghost of feelmyfire the Basher, a novice MiFi of Okawaru (D:8)
  An alligator (shapeshifter) (Vaults:4)
  23 dancing weapons
  3 alligator snapping turtles
  6 death yaks
  2 death knights
  4 satyrs
  8 deep troll earth magi
  7 hell hogs
  A titan zombie (Depths:3)
  15 naga sharpshooters
  11 thrashing horrors
  4 tengu warriors
  An iron giant zombie (Depths:3)
  4 orc high priests (Orc:2)
  10 deep troll shamans
  4 spriggan berserkers
  2 vampire magi
  Urug (D:14)
  6 shock serpents
  15 deep elf knights
  3 sun demons
  4 fire crabs (shapeshifter)
  7 skeletal warriors
  12 wretched stars
  Nergalle (Lair:4)
  2 hell knights (Vaults:2)
  2 shadow wraiths
  4 iron trolls
  4 spatial maelstroms
  A fire crab (Vaults:4)
  3 salamander mystics
  9 sea snakes
  5 giant orange brains
  4 unseen horrors
  An anaconda zombie (Abyss:1)
  4 flayed ghosts
  31 deep trolls
  The ghost of feelmyfire the Basher, a novice MiFi of Okawaru (D:7)
  A hill giant (shapeshifter) (Vaults:5)
  5 wizards
  5 phantasmal warriors
  19 harpies
  2 golden dragon skeletons (Depths:3)
  7 naga ritualists
  12 ironbrand convokers
  6 hill giants
  11 deep elf archers
  41 deep elf magi
  A sphinx zombie (Depths:3)
  An orb spider (shapeshifter) (Vaults:2)
  4 mana vipers
  4 shining eyes
  A lindwurm (Depths:3)
  13 necromancers
  A cyclops (shapeshifter) (Vaults:2)
  20 orc knights
  8 orc sorcerers
  A shadow dragon skeleton (Abyss:2)
  A tengu zombie (Vaults:1)
  7 oklob plants (Zot:2)
  A shining eye (shapeshifter) (Vaults:5)
  14 griffons
  A hornet (shapeshifter) (Abyss:3)
  34 ugly things
  9 fauns (Shoals:2)
  17 salamanders
  17 cyclopes
  13 manticores
  A hornet (Vaults:5)
  3 wolf spiders
  A fire giant skeleton (Abyss:3)
  3 frost giant zombies
  A sphinx skeleton (Depths:3)
  14 naga magi
  2 centaur zombies
  7 sixfirhies
  7 worldbinders
  14 vault sentinels
  17 elephants
  5 guardian serpents
  A manticore (shapeshifter) (Vaults:4)
  3 moths of wrath
  Joseph (D:9)
  An apocalypse crab (Abyss:3)
  3 water nymphs
  7 sirens
  An octopode (shapeshifter) (Vaults:1)
  34 black mambas
  2 gargoyles
  3 ice statues
  14 spiny frogs
  Psyche (D:8)
  A spiny frog (shapeshifter) (D:14)
  14 smoke demons
  2 rime drakes
  28 yaktaurs
  An efreet (D:14)
  2 elf skeletons (Depths:3)
  8 komodo dragons
  A yaktaur (shapeshifter) (Vaults:4)
  11 orange demons
  3 hellions
  The ghost of bollicks1999 the Covert, a novice OpAs (D:6)
  A tormentor (D:3)
  3 komodo dragons (shapeshifter)
  98 starcursed masses
  13 ice devils
  8 freezing wraiths
  7 ancient zymes
  3 hellwings
  5 red devils
  2 tengu conjurers (D:15)
  A demonic crawler (Abyss:3)
  A silent spectre (Abyss:3)
  2 spriggan skeletons
  17 polar bears
  18 trolls
  An entropy weaver zombie (D:15)
  A two-headed ogre (shapeshifter) (Vaults:5)
  The ghost of no0bjke the Covered, an amateur MiFi (D:3)
  2 redback zombies
  A queen bee (Abyss:3)
  2 wind drakes (Shoals:3)
  36 merfolk
  15 two-headed ogres
  2 polar bears (shapeshifter)
  A harpy skeleton (Abyss:3)
  25 blink frogs
  19 raiju
  5 boulder beetles
  48 slime creatures
  An alligator zombie (Abyss:1)
  2 fire dragon zombies
  2 spriggan zombies
  A frost giant simulacrum (Depths:1)
  4 snapping turtles
  A stone giant simulacrum (Abyss:3)
  3 shadows
  4 vampires
  6 air elementals
  An ice dragon skeleton (D:15)
  A spriggan (shapeshifter) (Depths:1)
  2 flying skulls (Abyss:2)
  8 wraiths
  4 basilisks
  6 spriggans (Depths:4)
  10 ynoxinuls
  35 large abominations
  9 redbacks
  2 fire bats (Abyss:3)
  39 yaks
  A yak (shapeshifter) (Vaults:4)
  3 golden eyes (Slime:3)
  Grum (D:9)
  A wyvern (Lair:7)
  A hog (shapeshifter) (D:14)
  3 hungry ghosts
  A spriggan simulacrum (Depths:1)
  12 water elementals
  A steam dragon (D:7)
  17 vampire mosquitoes
  8 hippogriffs
  An emperor scorpion simulacrum (Abyss:2)
  4 chaos spawn
  7 neqoxecs
  3 mottled dragons
  A human zombie (Depths:3)
  A spatial vortex (Abyss:1)
  An insubstantial wisp (Abyss:3)
  60 nagas
  32 small abominations
  A soldier ant (D:14)
  12 wargs
  16 water moccasins
  A giant eyeball (shapeshifter) (Vaults:5)
  A hell hound (shapeshifter) (Vaults:4)
  8 porcupines
  12 hell hounds
  2 giant eyeballs (Depths:4)
  70 orc warriors
  19 ice beasts
  A slave (D:9)
  7 wasps
  4 phantoms
  9 sky beasts
  2 ettin simulacra (Vaults:2)
  3 eyes of draining
  4 boggarts (Vaults:1)
  22 centaurs
  A centaur (shapeshifter) (Vaults:4)
  37 wolves
  56 ogres
  A human skeleton (Vaults:1)
  12 crocodiles
  2 big kobolds
  An earth elemental (Elf:1)
  20 giant frogs
  6 elf zombies
  A wyvern zombie (D:13)
  4 scorpions
  A scorpion (shapeshifter) (Depths:2)
  A boulder beetle zombie (Vaults:1)
  24 killer bees
  8 wights
  6 howler monkeys
  3 electric eels
  2 crimson imps
  7 quasits
  2 giant frog zombies
  2 human simulacra
  2 yaktaur simulacra
  31 jellies
  7 centaur skeletons
  30 orc priests
  4 gnoll shamans (D:4)
  7 hounds
  4 iron imps
  39 orc wizards
  2 giant frog skeletons
  5 iguanas
  8 worker ants
  14 sheep
  2 hound zombies
  2 howler monkey zombies
  35 gnolls
  15 adders
  70 river rats
  3 shadow imps
  8 white imps
  A worker ant simulacrum (D:8)
  7 ufetubi
  2 oozes (D:4)
  An adder skeleton (D:8)
  A worm (shapeshifter) (Vaults:4)
  4 worms
  8 dart slugs
  7 giant geckos
  148 orcs
  8 giant cockroaches
  10 goblins
  5 hobgoblins
  33 jackals
  8 kobolds
  3 quokkas
  3 ball pythons
  6 bats
  A giant gecko zombie (D:6)
  3 giant newts
  A quokka skeleton (D:6)
  A quokka zombie (D:8)
  3 rats
  6 crawling corpses
  14 fungi
  28 plants
  33 starspawn tentacles
  A starspawn tentacle segment (Abyss:3)
  A withered plant (D:15)
2952 creatures vanquished.

Vanquished Creatures (collateral kills)
  Agnes (Vaults:2)
  Ilsuiw (Shoals:4)
  A frost giant (Shoals:4)
  A merfolk javelineer (Shoals:4)
  3 merfolk avatars
  A merfolk aquamancer (Shoals:4)
  3 harpies (Shoals:4)
  A manticore (Shoals:2)
  A siren (Shoals:4)
  5 merfolk
18 creatures vanquished.

Vanquished Creatures (others)
  Vashnia (Snake:3)
  A deep elf master archer (Elf:3)
  2 tengu reavers (Vaults:4)
  Aizul (Vaults:4)
  2 fire giants
  A deep elf elementalist (Elf:3)
  A rakshasa (Depths:4)
  A deep elf knight (Elf:1)
  A fire crab (Depths:3)
  A deep troll (Depths:4)
  A deep elf archer (Elf:1)
  A deep elf mage (Elf:3)
  A manticore (Shoals:2)
  A smoke demon (Abyss:1)
  A merfolk (Shoals:4)
  2 slaves
  An ogre (Depths:3)
  4 centaurs
  A worker ant (D:9)
  An orc (D:10)
  A crawling corpse (Vaults:5)
  2 fungi
  4 lurking horrors
  24 plants
  24 starspawn tentacles
  594 starspawn tentacle segments
675 creatures vanquished.

Grand Total: 3645 creatures vanquished

Notes
Turn   | Place    | Note
--------------------------------------------------------------
     0 | D:1      | Karasique the Deep Dwarf Fighter began the quest for the Orb.
     0 | D:1      | Reached XP level 1. HP: 20/20 MP: 1/1
   185 | D:1      | Reached XP level 2. HP: 25/28 MP: 2/2
   546 | D:3      | Reached XP level 3. HP: 17/34 MP: 3/3
   636 | D:3      | Noticed no0bjke's ghost (amateur MiFi)
   828 | D:2      | Reached skill level 1 in Evocations
  1008 | D:2      | Reached XP level 4. HP: 37/44 MP: 4/4
  1289 | D:2      | Reached skill level 1 in Short Blades
  1347 | D:3      | Found a faded altar to an unknown god.
  1473 | D:3      | Found a basalt altar of Yredelemnul.
  1517 | D:3      | Reached XP level 5. HP: 39/50 MP: 6/6
  1679 | D:4      | Reached skill level 1 in Slings
  1723 | D:3      | Found a blossoming altar of Fedhas.
  1962 | D:3      | Found a white marble altar of Elyvilon.
  2201 | D:4      | Reached XP level 6. HP: 37/57 MP: 8/8
  2440 | D:4      | Reached skill level 5 in Fighting
  2440 | D:4      | Reached skill level 5 in Evocations
  2440 | D:4      | Reached XP level 7. HP: 40/67 MP: 10/10
  2743 | D:4      | Reached skill level 1 in Dodging
  2898 | D:5      | Entered Level 5 of the Dungeon
  2937 | D:5      | Found an ancient bone altar of Kikubaaqudgha.
  2937 | D:5      | Found a stormy altar of Qazlal.
  2937 | D:5      | Found a snail-covered altar of Cheibriados.
  3082 | D:5      | Reached XP level 8. HP: 53/76 MP: 11/11
  3222 | D:5      | Found an oddly glowing altar of Pakellas.
  3251 | D:5      | Found an opulent altar of Gozag.
  3395 | D:5      | Reached skill level 5 in Dodging
  3451 | D:5      | Gained mutation: Your body sometimes deteriorates upon taking damage. [mutagenic meat]
  3452 | D:5      | Gained mutation: Your mind is acute. (Int +2) [mutagenic meat]
  3982 | D:6      | Gained mutation: You are weak. (Str -2) [mutagenic meat]
  3983 | D:6      | Lost mutation: You are weak. (Str -2) [mutagenic meat]
  3984 | D:6      | Gained mutation: Your spells are a little harder to cast, but a little more powerful. [mutagenic meat]
  4132 | D:6      | Noticed bollicks1999's ghost (novice OpAs)
  4141 | D:6      | Killed bollicks1999's ghost
  4141 | D:6      | Gained mutation: You passively map the area around you. [Deep Dwarf growth]
  4141 | D:6      | Reached XP level 9. HP: 63/88 MP: 11/11
  4628 | D:7      | Found Ynudd's General Store.
  4658 | D:7      | Bought a +0 war axe of electrocution for 171 gold pieces
  4658 | D:7      | Bought a scroll of teleportation for 48 gold pieces
  4658 | D:7      | Bought a potion of curing for 48 gold pieces
  4905 | D:7      | Noticed feelmyfire's ghost (novice MiFi)
  4935 | D:8      | Noticed Psyche
  4986 | D:8      | Killed Psyche
  5035 | D:8      | Noticed feelmyfire's ghost (novice MiFi)
  5053 | D:7      | Killed feelmyfire's ghost
  5106 | D:7      | Noticed a hill giant
  5118 | D:7      | Killed a hill giant
  5212 | D:7      | Found a staircase to the Ecumenical Temple.
  5219 | Temple   | Entered the Ecumenical Temple
  5235 | Temple   | Became a worshipper of Makhleb the Destroyer
  5252 | D:7      | Reached XP level 10. HP: 68/96 MP: 11/11
  5521 | D:3      | Killed no0bjke's ghost
  5589 | D:3      | Found a radiant altar of Vehumet.
  5909 | D:8      | Reached skill level 10 in Axes
  5929 | D:8      | Reached * piety under Makhleb
  5939 | D:8      | Found Lokasoj's General Store.
  5955 | D:8      | Gained mutation: You are partially covered in large bone plates (AC +2, SH +2). [potion of mutation]
  5955 | D:8      | Gained mutation: You possess an exceptional clarity of mind. [potion of mutation]
  5955 | D:8      | Gained mutation: Your mind is very acute. (Int +4) [potion of mutation]
  5956 | D:8      | Gained mutation: Your system is resistant to poisons. [potion of mutation]
  5957 | D:8      | Lost mutation: Your mind is very acute. (Int +4) [potion of mutation]
  5957 | D:8      | Gained mutation: You are partially covered in icy blue scales (AC +1). [potion of mutation]
  6161 | D:8      | Reached skill level 4 in Armour
  6486 | D:8      | Reached skill level 5 in Armour
  6494 | D:8      | Reached ** piety under Makhleb
  6686 | D:8      | Reached skill level 6 in Armour
  6909 | D:8      | Killed feelmyfire's ghost
  7338 | D:9      | Noticed Grum
  7376 | D:9      | Killed Grum
  7512 | D:9      | Noticed Joseph
  7528 | D:9      | Noticed Pikel
  7530 | D:9      | Killed Joseph
  7530 | D:9      | Reached XP level 11. HP: 57/106 MP: 11/11
  7538 | D:9      | Noticed Pikel
  7538 | D:9      | Pikel changed into Pikel the yak
  7542 | D:9      | Killed Pikel the yak
  7637 | D:9      | Reached *** piety under Makhleb
  8040 | D:9      | You fall through a shaft for 2 floors!
  8078 | D:11     | Noticed a brown ugly thing
  8092 | D:11     | Killed a red ugly thing
  8413 | D:10     | Entered Level 10 of the Dungeon
  8438 | D:10     | Found a white marble altar of Elyvilon.
  8554 | D:9      | Reached **** piety under Makhleb
  8733 | D:10     | Reached skill level 10 in Dodging
  8816 | D:10     | Noticed eragonby's ghost (novice MiFi)
  8841 | D:10     | Killed eragonby's ghost
  8841 | D:10     | Reached skill level 10 in Fighting
  8841 | D:10     | Reached skill level 7 in Armour
  8928 | D:10     | Found a staircase to the Lair.
  8964 | D:10     | Found a staircase to the Orcish Mines.
  9136 | D:10     | Reached skill level 8 in Armour
  9243 | D:11     | Found Kisor's Food Emporium.
  9391 | D:11     | Noticed a hill giant
  9397 | D:11     | Killed a hill giant
  9421 | D:11     | Reached ***** piety under Makhleb
  9653 | D:12     | Noticed a hill giant
  9660 | D:12     | Killed a hill giant
  9918 | D:12     | Noticed a hill giant
  9926 | D:12     | Killed a hill giant
  9926 | D:12     | Reached XP level 12. HP: 84/118 MP: 12/12
 10292 | Orc:1    | Entered Level 1 of the Orcish Mines
 10321 | D:10     | Reached skill level 9 in Armour
 10408 | Orc:1    | Found a frozen archway.
 10445 | IceCv    | Entered an ice cave
 10632 | IceCv    | Noticed a death yak
 10647 | IceCv    | Killed a death yak
 10647 | IceCv    | Reached skill level 10 in Armour
 10838 | IceCv    | Reached ****** piety under Makhleb
 10892 | IceCv    | Noticed a death yak
 10917 | IceCv    | Killed a death yak
 10978 | IceCv    | Noticed a frost giant
 10978 | IceCv    | Noticed a death yak
 10994 | IceCv    | Killed a death yak
 11011 | IceCv    | Killed a frost giant
 11011 | IceCv    | Reached XP level 13. HP: 90/128 MP: 12/14
 11118 | Orc:1    | Reached skill level 11 in Armour
 11195 | Orc:1    | Found a roughly hewn altar of Beogh.
 11263 | Orc:1    | Noticed an orc warlord
 11278 | Orc:1    | Killed an orc warlord
 11492 | Orc:2    | Entered Level 2 of the Orcish Mines
 11813 | Orc:2    | Found a roughly hewn altar of Beogh.
 11912 | Orc:2    | Found Kas Keol's Gadget Boutique.
 11944 | Orc:2    | Found Ciagrodukk's Jewellery Shop.
 12191 | Orc:2    | Noticed an orc warlord
 12219 | Orc:2    | Killed an orc warlord
 12412 | Orc:2    | Found a staircase to the Elven Halls.
 12739 | Orc:2    | Found Parcheps's Food Boutique.
 12753 | Orc:2    | Found a roughly hewn altar of Beogh.
 12801 | Orc:2    | Found Founithu's Magic Scroll Shop.
 12810 | Orc:2    | Bought a scroll of teleportation for 39 gold pieces
 12810 | Orc:2    | Bought a scroll of teleportation for 39 gold pieces
 12810 | Orc:2    | Bought a scroll of remove curse for 39 gold pieces
 13348 | Lair:1   | Entered Level 1 of the Lair of Beasts
 13668 | Lair:1   | Gained mutation: You resist negative energy. [Deep Dwarf growth]
 13668 | Lair:1   | Reached XP level 14. HP: 139/139 MP: 17/17
 13675 | Lair:1   | Reached skill level 12 in Armour
 15250 | Lair:3   | Reached skill level 10 in Evocations
 15805 | Lair:4   | Noticed Nergalle
 15823 | Lair:4   | Killed Nergalle
 16108 | Lair:4   | Got a slimy amber ring
 16110 | Lair:4   | Identified the ring of Gufenko {AC+4 Str+4} (You found it on level 4 of the Lair of Beasts)
 16648 | Lair:5   | Reached skill level 15 in Axes
 16694 | Lair:5   | Found a staircase to the Shoals.
 17100 | Lair:5   | Identified a scroll of acquirement
 17104 | Lair:5   | Got a pair of heavily runed gloves
 17115 | Lair:5   | Identified the +1 pair of gloves of Ahikhler {Str-4 Int+3 Dex+4} (You acquired it on level 5 of the Lair of Beasts)
 17643 | Lair:6   | Found a staircase to the Slime Pits.
 17911 | Lair:6   | Found a staircase to the Snake Pit.
 18430 | Lair:7   | Reached skill level 13 in Armour
 18497 | Lair:7   | Noticed Josephine
 18505 | Lair:7   | Killed Josephine
 18673 | Lair:7   | Reached XP level 15. HP: 148/148 MP: 18/18
 18919 | Lair:8   | Entered Level 8 of the Lair of Beasts
 19738 | Lair:8   | Cast into level 2 of the Abyss (a wizard)
 20009 | Abyss:2  | Noticed a bone dragon
 20038 | Abyss:2  | Killed a bone dragon
 20040 | Lair:8   | Escaped the Abyss
 20047 | Lair:8   | Found a burning altar of Makhleb.
 20128 | Lair:8   | Found a gateway to Hell.
 20346 | Lair:2   | Reached skill level 14 in Armour
 20734 | D:13     | Got a faintly glowing large shield
 20742 | D:13     | Identified the cursed +0 large shield of the Leaf {rC- Regen+ MP+9 Stlth+} (You found it on level 13 of the Dungeon)
 20788 | D:13     | Got a translucent plate armour
 20805 | D:13     | Identified the cursed +1 plate armour of the Eight Boll Weevils {rCorr} (You found it on level 13 of the Dungeon)
 21096 | D:14     | Noticed Nessos
 21112 | D:14     | Killed Nessos
 21515 | D:14     | Noticed Urug
 21530 | D:14     | Killed Urug
 21530 | D:14     | Reached XP level 16. HP: 159/159 MP: 19/19
 21866 | D:14     | Found a gate to the Vaults.
 21934 | D:15     | Entered Level 15 of the Dungeon
 21952 | D:15     | Paralysed by a wizard for 2 turns
 22178 | D:15     | Found a shadowy altar of Dithmenos.
 22248 | D:15     | Found a staircase to the Depths.
 22264 | D:15     | Found an oddly glowing altar of Pakellas.
 22844 | Snake:1  | Entered Level 1 of the Snake Pit
 23522 | Snake:1  | Reached skill level 15 in Armour
 23578 | Snake:1  | Got an iridescent war axe
 23579 | Snake:1  | Identified the +6 war axe "Asomogun" {chop, +Inv rPois rN++ MP-9} (You found it on level 1 of the Snake Pit)
 23754 | Snake:2  | Found Guv Fatt's General Store.
 23776 | Snake:2  | Bought a scroll of fog for 24 gold pieces
 23776 | Snake:2  | Bought a potion of resistance for 120 gold pieces
 24503 | Snake:3  | Noticed Vashnia
 24540 | Snake:3  | Killed Vashnia
 24598 | Snake:3  | Reached XP level 17. HP: 70/168 MP: 20/20
 24631 | Snake:3  | Reached skill level 15 in Fighting
 25233 | Snake:4  | Entered Level 4 of the Snake Pit
 25469 | Snake:4  | Reached skill level 16 in Armour
 25791 | Snake:4  | Reached skill level 1 in Invocations
 26393 | Snake:4  | Got a serpentine rune of Zot
 26623 | Shoals:1 | Entered Level 1 of the Shoals
 26698 | Shoals:1 | Gained mutation: You passively map a large area around you. [Deep Dwarf growth]
 26698 | Shoals:1 | Reached XP level 18. HP: 181/181 MP: 20/20
 27318 | Shoals:2 | Reached skill level 5 in Invocations
 27814 | Shoals:2 | Reached skill level 17 in Armour
 28094 | Shoals:3 | Noticed Donald
 28216 | Shoals:3 | Killed Donald
 28220 | Shoals:3 | Got a steaming war axe
 28221 | Shoals:3 | Identified the +5 war axe "Xofuppi" {drain, Str+4 Int+3} (You found it on level 3 of the Shoals)
 28606 | Shoals:4 | Entered Level 4 of the Shoals
 28612 | Shoals:4 | Noticed Ilsuiw
 28623 | Shoals:4 | Killed Ilsuiw
 29324 | Shoals:4 | Got a barnacled rune of Zot
 29396 | Shoals:4 | Got a pitted broad axe {flame}
 29398 | Shoals:4 | Identified the cursed +1 broad axe "Wovot" {flame, rElec MP+9 Dex-2} (You took it off a centaur on level 4 of the Shoals)
 29999 | Elf:1    | Entered Level 1 of the Elven Halls
 30019 | Elf:1    | Reached XP level 19. HP: 179/190 MP: 21/21
 30024 | Elf:1    | Found a radiant altar of Vehumet.
 30051 | Elf:1    | Reached skill level 18 in Armour
 30213 | Elf:1    | Identified the Catalogue of Black Rites
 30660 | Elf:1    | Found a deep blue altar of Sif Muna.
 31196 | Elf:2    | Gained mutation: Armour fits poorly on your strangely shaped body. [a neqoxec]
 31203 | Elf:2    | Gained mutation: You are weak. (Str -2) [a neqoxec]
 31390 | Elf:2    | Found a runed gate.
 31390 | Elf:2    | Found a runed gate.
 31390 | Elf:2    | Found a runed gate.
 32282 | Elf:3    | Entered Level 3 of the Elven Halls
 33108 | Elf:3    | Gained mutation: You are very weak. (Str -4) [a neqoxec]
 33147 | Elf:3    | Noticed a Tzitzimitl
 33258 | Elf:3    | Noticed a Tzitzimitl
 33528 | Elf:3    | Noticed a Tzitzimitl
 33533 | Elf:3    | Noticed a Brimstone Fiend
 33573 | Elf:3    | Reached skill level 19 in Armour
 33578 | Elf:3    | Reached XP level 20. HP: 177/201 MP: 18/18
 33663 | Elf:3    | Got a vibrating glass ring
 33667 | Elf:3    | Identified the ring "Mielalinn" {AC+5 Dex+4} (You took it off a deep elf annihilator on level 3 of the Elven Halls)
 33843 | Elf:3    | Reached skill level 10 in Invocations
 33922 | Elf:3    | Got a jewelled ring mail
 33924 | Elf:3    | Identified the +1 ring mail of the Game Afoot {Int+2} (You found it on level 3 of the Elven Halls)
 33932 | Elf:3    | Identified the Tome of Lucky Lightness
 34273 | Vaults:1 | Entered Level 1 of the Vaults
 35182 | Vaults:1 | Reached skill level 15 in Dodging
 35712 | Vaults:2 | Lost mutation: You are very weak. (Str -4) [mutagenic meat]
 35713 | Vaults:2 | Gained mutation: You are frail (-10% HP). [mutagenic meat]
 35759 | Vaults:1 | Gained mutation: Your magical capacity is low (-10% MP). [potion of mutation]
 35759 | Vaults:1 | Lost mutation: Armour fits poorly on your strangely shaped body. [potion of mutation]
 36053 | Vaults:2 | Noticed Wiglaf
 36054 | Vaults:2 | Noticed Agnes
 36076 | Vaults:2 | Killed Agnes
 36147 | Vaults:2 | Killed Wiglaf
 36425 | Vaults:2 | Got a pitted bone amulet
 36426 | Vaults:2 | Identified the amulet of Aguehon {Faith rPois rN++ Str-4} (You found it on level 2 of the Vaults)
 36496 | Vaults:2 | Found a portal to a secret trove of treasure.
 36520 | Vaults:2 | Got a spiked chain mail
 36521 | Vaults:2 | Identified the cursed +0 chain mail "Ribiamaf" {rPois rN+ MP-9 Str+7} (You found it on level 2 of the Vaults)
 37207 | Vaults:3 | Got a dazzling scale mail
 37208 | Vaults:3 | Identified the +6 scale mail of Submission {Str+3} (You found it on level 3 of the Vaults)
 37327 | Vaults:3 | Reached XP level 21. HP: 191/191 MP: 17/17
 37594 | Vaults:3 | Found a staircase to the Crypt.
 37608 | Vaults:3 | Reached skill level 20 in Armour
 38122 | Vaults:4 | Found Zenem's General Store.
 38275 | Vaults:4 | Found Sazicuck's Assorted Antiques.
 38303 | Vaults:4 | Bought a shiny helmet for 121 gold pieces
 38340 | Vaults:4 | Noticed Sojobo
 38373 | Vaults:4 | Killed Sojobo
 38396 | Vaults:4 | Noticed Saint Roka
 38419 | Vaults:4 | Killed Saint Roka
 38845 | Vaults:4 | Noticed Aizul
 38866 | Vaults:4 | Killed Aizul
 39779 | Depths:1 | Entered Level 1 of the Depths
 39816 | Depths:1 | Found a one-way gate to the infinite horrors of the Abyss.
 39818 | Depths:1 | You fall through a shaft!
 39942 | Depths:2 | Reached XP level 22. HP: 196/201 MP: 19/19
 40217 | Depths:2 | Reached skill level 21 in Armour
 41795 | Depths:3 | Noticed a golden dragon
 41818 | Depths:3 | Killed a golden dragon
 42015 | Depths:3 | Found Ivvaff's Jewellery Emporium.
 42019 | Depths:3 | Bought a ring of Fuuk {*Contam rPois rF+ Str+3 Dex+6} for 1238 gold pieces
 42042 | Depths:3 | Found a one-way gate leading to the halls of Pandemonium.
 42090 | Depths:3 | Noticed Mennas
 42204 | Depths:3 | Killed Mennas
 42236 | Depths:3 | Got a fine ring mail
 42237 | Depths:3 | Identified the +4 ring mail of Ru's Whim {rPois SInv Stlth-} (You found it on level 3 of the Depths)
 42712 | Depths:4 | Reached XP level 23. HP: 202/211 MP: 20/20
 42879 | Depths:3 | Identified the Grimoire of Dark Secrets
 43107 | Depths:4 | Noticed a caustic shrike
 43122 | Depths:3 | Killed a caustic shrike
 43199 | Depths:4 | Paralysed by a giant eyeball for 4 turns
 43216 | Depths:4 | Reached skill level 22 in Armour
 43332 | Depths:4 | Reached skill level 15 in Invocations
 43791 | Depths:4 | Found a glowing golden altar of the Shining One.
 44196 | Depths:5 | Entered Level 5 of the Depths
 45031 | Depths:5 | Found a gate to the Realm of Zot.
 45060 | Depths:5 | Found a gateway to a ziggurat.
 45353 | Lair:1   | Gained mutation: You have a pair of small antennae on your head. [potion of beneficial mutation]
 45354 | Lair:1   | Gained mutation: You are partially covered in slimy green scales (AC +2). [potion of beneficial mutation]
 45358 | Lair:1   | Lost mutation: Your magical capacity is low (-10% MP). [potion of cure mutation]
 45358 | Lair:1   | Lost mutation: You possess an exceptional clarity of mind. [potion of cure mutation]
 45358 | Lair:1   | Lost mutation: Your body sometimes deteriorates upon taking damage. [potion of cure mutation]
 45358 | Lair:1   | Lost mutation: You are frail (-10% HP). [potion of cure mutation]
 45498 | Slime:1  | Entered Level 1 of the Pits of Slime
 45502 | Slime:1  | Gained mutation: You are frail (-10% HP). [a shining eye]
 45516 | Slime:1  | Reached XP level 24. HP: 222/222 MP: 24/24
 45755 | Slime:6  | Entered Level 6 of the Pits of Slime
 45788 | Slime:6  | Noticed the Royal Jelly
 45811 | Slime:6  | Killed the Royal Jelly
 45811 | Slime:6  | Reached skill level 23 in Armour
 45895 | Slime:6  | Identified the Catalogue of Harmful Moulding
 45952 | Slime:6  | Got a crude copper ring
 45953 | Slime:6  | Identified the ring of the Jester {rPois rN+ Str+4 Dex+2} (You found it on level 6 of the Pits of Slime)
 45956 | Slime:6  | Got a clouded glass ring
 45957 | Slime:6  | Identified the ring "Yrurheys" {MR+ Stlth+} (You found it on level 6 of the Pits of Slime)
 46049 | Slime:6  | Got a slimy rune of Zot
 46596 | Vaults:5 | Entered Level 5 of the Vaults
 46792 | Vaults:5 | Got a ring of the Octopus King
 46804 | Vaults:5 | Got a silver rune of Zot
 47094 | Vaults:5 | Reached XP level 25. HP: 232/232 MP: 24/24
 47363 | Vaults:5 | Reached skill level 24 in Armour
 47982 | Vaults:5 | Got a slimy scale mail
 47983 | Vaults:5 | Identified the +1 scale mail "Hanuc" {rElec MR+ Slay+3} (You found it on level 5 of the Vaults)
 48689 | Depths:1 | Voluntarily entered the Abyss.
 48740 | Abyss:1  | Paralysed by accursed screaming for 1 turns
 48816 | Abyss:1  | Gained mutation: You are clumsy. (Dex -2) [a neqoxec]
 48978 | Abyss:1  | Got a fine plate armour
 48979 | Abyss:1  | Identified the cursed +1 plate armour "Hero's Friend" {*Drain rN+ rCorr Stlth+} (You found it on level 1 of the Abyss)
 49250 | Abyss:1  | Found a corrupted altar of Lugonu.
 49467 | Abyss:1  | Paralysed by accursed screaming for 1 turns
 49846 | Abyss:1  | Got a slimy chain mail
 49849 | Abyss:1  | Identified the +1 chain mail "Saffog" {rElec MP+9} (You found it on level 1 of the Abyss)
 49888 | Abyss:2  | Found a snail-covered altar of Cheibriados.
 51086 | Abyss:3  | Reached XP level 26. HP: 243/243 MP: 24/24
 51247 | Abyss:3  | Reached skill level 25 in Armour
 51285 | Abyss:3  | Paralysed by accursed screaming for 2 turns
 51353 | Abyss:3  | Found a corrupted altar of Lugonu.
 51368 | Abyss:3  | Got a distressingly furry scale mail
 51370 | Abyss:3  | Identified the +2 scale mail of Submission {+Inv Dex+4} (You found it on level 3 of the Abyss)
 51776 | Abyss:3  | Got an abyssal rune of Zot
 52091 | Abyss:3  | Gained mutation: You are very clumsy. (Dex -4) [a neqoxec]
 52145 | Abyss:3  | Noticed an ancient lich
 52157 | Abyss:3  | Paralysed by accursed screaming for 2 turns
 52187 | Abyss:3  | Killed an ancient lich
 52208 | Depths:1 | Escaped the Abyss
 53129 | Zot:1    | Entered Level 1 of the Realm of Zot
 53677 | Zot:5    | Entered Level 5 of the Realm of Zot
 53992 | Zot:5    | Noticed an ancient lich
 54028 | Zot:5    | Killed an ancient lich
 54101 | Zot:4    | Reached XP level 27. HP: 253/253 MP: 23/23
 54107 | Zot:4    | Reached skill level 26 in Armour
 54211 | Zot:5    | Identified a +0 pair of boots of running (You acquired it on level 5 of the Realm of Zot)
 54235 | Zot:5    | Noticed an orb of fire
 54250 | Zot:5    | Killed an orb of fire
 54252 | Zot:5    | Noticed an ancient lich
 54252 | Zot:5    | Noticed an orb of fire
 54260 | Zot:5    | Noticed an orb of fire
 54270 | Zot:5    | Killed an orb of fire
 54276 | Zot:5    | Killed an ancient lich
 54277 | Zot:5    | Gained mutation: You are very frail (-20% HP). [an orb of fire]
 54290 | Zot:5    | Killed an orb of fire
 54382 | Zot:5    | Got the Orb of Zot
 54437 | Zot:5    | Noticed an ancient lich
 54557 | Depths:5 | Noticed a seraph
 54696 | Depths:1 | Noticed Buhux the pandemonium lord
 54997 | D:$      | Escaped with the Orb!

Vault maps used:
D:1:      minmay_arrival_loop
D:3:      lemuel_upstairs_altar, lemuel_doored_altar,
          nicolae_overflow_hidden_temple, vehumet_crystals, ecumenical_altar_1
D:4:      lemuel_castle_with_subvaults, serial_glass, glass_columns_b,
          glass_columns_b, glass_columns_a, glass_columns_a, glass_columns_a,
          glass_columns_a
D:5:      grunt_gozag_statues, lemuel_round_altar, grunt_temple_overflow_open,
          first_bread
D:7:      minmay_temple_entry_junction, serial_shops, shop
D:8:      serial_ice, serial_ice_l, serial_ice_c, serial_ice_d, serial_ice_h,
          serial_shops, shop, uniq_psyche
D:9:      grunt_decor_resistance, hangedman_fish_farm, uniq_joseph, uniq_grum,
          uniq_pikel
D:10:     dpeg_oklobed_lair, david_orc_3, elyvilon_altar_1
D:11:     serial_shops, nicolae_shop_stone
D:13:     kennysheep_blocky_room
D:14:     david_vaults_4, columned_hall_lemuel, uniq_nessos, uniq_urug
D:15:     gammafunk_depths_entry_grave,
          nicolae_dithmenos_through_a_glass_darkly, johnstein_pakellas_dig
Temple:   circular_temple_12
Lair:1:   grunt_megastairs_4, bh_autumn_forest_stairs
Lair:2:   gammafunk_lair_bear_cave, minivault_19, hibernation_bobbens,
          grunt_megastairs_5
Lair:3:   st_stairs_5, infiniplex_staircase_pool_2, lemuel_fruit_tree
Lair:4:   beast_lair_carwin_4, uniq_nergalle
Lair:5:   minmay_shoals_entry_beasts, beast_lair_carwin_9
Lair:6:   guppyfry_snake_entry_garden, minmay_slime_entry_jelly_boxes
Lair:7:   uniq_josephine
Lair:8:   evil_forest, infiniplex_staircase_pool
Shoals:2: st_shoals_ruin
Shoals:3: uniq_donald
Shoals:4: shoals_end_grunt_ice, shoals_ilsuiw_ice
Snake:1:  nicolae_snake_double_loop, serial_bayou_shore_a
Snake:2:  serial_shops, shop, nicolae_coiled_stairwell_up
Snake:3:  uniq_vashnia
Snake:4:  minmay_snake_end_coiled, serial_bayou_shore_b
Slime:1:  nicolae_slime_jelly_donut, cheibrodos_slime_lost_civilization_4
Orc:1:    basic_altar, portal_ice_cave_entry_ice_beasts
Orc:2:    pubby_orc_utopia, serial_shops
Elf:1:    eino_elf_arrival_altar, basic_altar, serial_aquarium,
          aquarium_bridge_straight, aquarium_bridge_island_small,
          aquarium_window_1, aquarium_window_1, aquarium_view_2e,
          aquarium_view_2d, aquarium_pool_1, minmay_elf_necromancy,
          nicolae_elf_stone_circles, lemuel_flamethrower_3
Elf:3:    elf_hall
Vaults:1: ontoclasm_vaults_fire_temple, vaults_dpeg_cross, v_misc_27,
          vaults_room_grunt_arrival_checkpoint, grunt_vaults_bifocal, v_rooms_4,
          nicolae_vaults_little_squares_1, nicolae_vaults_little_squares_2,
          nicolae_vaults_border_crossing
Vaults:2: sword_in_stone, ontoclasm_vaults_spin, vaults_room_fancy_cross,
          serial_ice_g, grunt_vaults_focal, v_misc_27, v_misc_26,
          ontoclasm_vaults_ring_large, ontoclasm_vaults_eye,
          nicolae_trove_entry_free_sample
Vaults:3: vaults_room_ringed_pool, v_misc_22, minmay_crypt_entry_vampire_xt,
          vaults_room_stairs_pillars, v_misc_11,
          ontoclasm_vaults_loading_screen, hangedman_vaults_restitches,
          v_pattern_2, vaults_dpeg_encased_lava, vaults_room_fours
Vaults:4: nicolae_vaults_ninety_degrees, nicolae_vaults_little_squares_3,
          grunt_vaults_funnel, v_misc_22, hangedman_vaults_corner_blocks,
          v_misc_11, vaults_standard_mumra_lines,
          dpeg_vaults_pockets_of_resistance, v_misc_28, hangedman_vaults_maws,
          v_misc_22, v_misc_8, serial_shops, nicolae_shop_behind_doors, shop,
          uniq_aizul, uniq_saint_roka, uniq_sojobo
Vaults:5: serial_shops
Depths:1: hell_entry, abyss_entry, serial_bayou_lagoon_a, spider_trap,
          kennysheep_pointless_box, ice2_lemuel
Depths:2: minmay_containers, hellmouth_1, infiniplex_staircase_pillars_3a
Depths:3: hangedman_opposites_gauntlet, special_room, abyss_entry,
          grunt_pan_entry_sceptre, hell_entry, roderic_roman_lattice,
          serial_shops, shop, minmay_misc_feat_square, basic_stair_grate_trap,
          uniq_mennas, uniq_wiglaf
Depths:4: hangedman_cross_stitches, hell_entry, tso_metal_star, abyss_entry
Depths:5: grunt_zot_entry_gee_three, enter_ziggurat_a, grunt_hell_horde
Zot:1:    nicolae_moth_party, st_stairs_6, grunt_ministairs_2,
          grunt_megastairs_3
Zot:2:    grunt_zot_stairs_overgrown, grunt_ministairs_6, st_stairs_3
Abyss:2:  abyss_fake_exit
Abyss:3:  lemuel_flamethrower_2, patterned_corridor, evilmike_abyss_rune_shrine
IceCv:    ice_cave_caverns_01

Skill      XL: |  1  2  3  4  5  6  7  8  9 10 11 12 13 14 15 16 17 18 19 20 21 22 23 24 25 26 27 |
---------------+----------------------------------------------------------------------------------+-----
Fighting       | 3 4 5 6 7 8 9 10 11 12 13 14 15 16 17 18 19 20 21 22 23 | 23.8
Axes           | 3 9 10 12 13 15 17 19 20 | 20.0
Evocations     | 1 3 5 6 9 10 | 10.3
Short Blades   | 1 2 |  2.2
Slings         | 2 |  2.1
Dodging        | 3 6 7 8 10 11 12 14 15 17 18 19 21 22 23 24 | 24.2
Armour         | 6 8 10 11 13 14 15 16 17 19 20 21 22 23 24 25 26 | 26.6
Invocations    | 4 7 9 11 13 14 15 | 15.0
Shields        | |  3.2

Action                   |  1- 3 |  4- 6 |  7- 9 | 10-12 | 13-15 | 16-18 | 19-21 | 22-24 | 25-27 || total
-------------------------+-------+-------+-------+-------+-------+-------+-------+-------+-------++-------
Melee: War axe           |    92 |       |    51 |   912 |    27 |       |       |       |       ||  1082
       Dagger            |    23 |   193 |   177 |       |       |       |       |       |       ||   393
       Short sword       |       |       |    22 |       |       |       |       |       |       ||    22
       Battleaxe         |       |       |       |       |  1566 |  1681 |  2211 |  2096 |  2265 ||  9819
 Fire: Hunting sling     |    20 |    86 |   176 |    58 |       |       |       |       |       ||   340
Throw: Throwing net      |       |       |       |     2 |       |       |       |       |       ||     2
Invok: Lesser Servant of |       |       |       |       |       |     5 |     1 |       |       ||     6
       Greater Servant o |       |       |       |       |       |     4 |     6 |     2 |     1 ||    13
 Abil: Device Recharging |       |       |     3 |     1 |       |     1 |     4 |     1 |     1 ||    11
Evoke: Wand              |     1 |     3 |    10 |    12 |     1 |    16 |    27 |     9 |     8 ||    87
       Stone of tremors  |       |       |       |       |     1 |       |       |       |       ||     1
       Lamp of fire      |       |       |       |       |       |       |       |       |     1 ||     1
  Use: Scroll            |       |     8 |       |    12 |    15 |    14 |    20 |     8 |    22 ||    99
       Potion            |       |       |     1 |     4 |       |     1 |     1 |     8 |     6 ||    21
 Stab: Held in net/web   |       |       |       |     1 |       |       |       |       |       ||     1
       Distracted        |       |       |       |       |       |     3 |       |     4 |       ||     7
       Paralysed         |       |       |       |       |       |       |     2 |       |       ||     2
  Eat: Chunk             |       |     5 |    16 |    21 |    10 |     2 |     4 |     1 |     2 ||    61
       Beef jerky        |       |       |       |     5 |     1 |     4 |     2 |     1 |     1 ||    14
       Meat ration       |       |       |       |       |     2 |       |     3 |     1 |     5 ||    11
       Bread ration      |       |       |       |       |     2 |     6 |     4 |     8 |     1 ||    21
       Pizza             |       |       |       |       |       |     1 |     1 |       |       ||     2
       Royal jelly       |       |       |       |       |       |     1 |     2 |       |     3 ||     6
       Fruit             |       |       |       |       |       |       |       |       |     2 ||     2
Armor: Scale mail        |    37 |    69 |    85 |    47 |       |       |       |       |       ||   238
       Ring mail         |       |       |       |    55 |       |       |       |       |       ||    55
       Crystal plate arm |       |       |       |   277 |   234 |       |       |       |       ||   511
       Plate armour      |       |       |       |       |   797 |  1074 |  1104 |  1224 |   826 ||  5025
Dodge: Dodged            |    28 |    52 |    72 |   221 |   858 |   891 |  1033 |  1909 |  1825 ||  6889
Block: Shield            |    62 |    86 |   113 |   669 |    31 |       |       |       |       ||   961
       Reflection        |       |       |       |     8 |     5 |    66 |    46 |    10 |     8 ||   143
       Other             |       |       |       |       |   438 |   403 |   417 |   549 |   476 ||  2283
